 Dungeon Crawl Stone Soup version 0.30.1-4-g462c640d31 (webtiles) character file.

Game seed: 389789029803065495

72 Peloso the Covered (level 4, -5/40 HPs)
             Began as a Minotaur Fighter on Sept 8, 2023.
             Slain by a gnoll
             ... wielding a +0 flail
              (7 damage)
             ... on level 2 of the Dungeon.
             The game lasted 00:02:11 (1016 turns).

Peloso the Covered (Minotaur Fighter)               Turns: 1016, Time: 00:02:11

Health: -5/40      AC:  7    Str: 20    XL:     4   Next: 6%
Magic:  3/3        EV:  5    Int:  5    God:
Gold:   55         SH:  0    Dex: 12    Spells: 3/3 levels left

rFire   . . .        a - +0 long sword
rCold   . . .        c - +0 buckler
rNeg    . . .        b - +0 scale mail
rPois   .            (helmet restricted)
rElec   .            (no cloak)
rCorr   .            (no gloves)
SInv    .            (no boots)
Will    .....        (no amulet) Stlth
                     (no ring)
HPRegen 0.26/turn    (no ring)
MPRegen 0.08/turn

%: no passive effects
@: held
A: horns 2, retaliatory headbutt
a: no special abilities


You were on level 2 of the Dungeon.
You visited 1 branch of the dungeon, and saw 2 of its levels.

You collected 55 gold pieces.

Inventory:

Hand Weapons
 a - a +0 long sword (weapon)
Armour
 b - a +0 scale mail (worn)
 c - a +0 buckler (worn)
Scrolls
 e - a scroll of noise {unknown}
 f - 2 scrolls of identify {unknown}
 g - 3 scrolls of teleportation {unknown}
 h - a scroll of enchant armour {unknown}
 i - a scroll of magic mapping {unknown}
 j - a scroll of poison {unknown}
Potions
 d - a potion of might
 k - a potion of degeneration {unknown}
 l - a potion of resistance {unknown}


   Skills:
 + Level 4.1 Fighting
 + Level 3.9 Long Blades
 + Level 4.4 Armour
 + Level 4.0 Shields


You had 3 spell levels left.
You didn't know any spells.
Your spell library was empty.

Dungeon Overview and Level Annotations

Branches:
Dungeon (2/15)

Altars:

Shops:
D:2 !*


Innate Abilities, Weirdness & Mutations

You have a pair of horns on your head.
You reflexively headbutt those who attack you in melee.


Message History

You kill the adder!
A gnoll comes into view. It is wielding a +0 flail.
The gnoll shouts!
A gnoll comes into view. It is wielding a +0 club.
The gnoll moves out of view.
Found Tias's Assorted Antiques.
The gnoll shouts!
You hear a shout!
A gnoll comes into view. It is wielding a +0 spear.
There are monsters nearby!
There are monsters nearby!
An adder comes into view.
The adder hisses angrily.
You closely miss the adder. The adder bites you but does no damage.
The adder closely misses you.
You miss the adder.
The adder bites you but does no damage. x2
You slash the adder! You headbutt the adder.
You kill the adder!
You have reached level 4!
You feel agile.
You barely miss the gnoll. The gnoll hits you with a +0 flail.
You barely miss the gnoll. The gnoll hits you but does no damage.
You hit the gnoll. You headbutt the gnoll.
The gnoll is moderately wounded.
The gnoll hits you with a +0 flail!
You completely miss the gnoll. Your headbutt misses the gnoll.
The gnoll is moderately wounded.
The gnoll throws a throwing net.
The throwing net hits you.
You become entangled in the net!
The gnoll hits you with a +0 flail! The gnoll closely misses you.
You furiously retaliate!
You headbutt the gnoll.
You tear a large gash into the net.
The gnoll hits you from afar with a +0 spear.
The gnoll hits you with a +0 club.
* * * LOW HITPOINT WARNING * * *
The gnoll hits you with a +0 flail.
* * * LOW HITPOINT WARNING * * *
Unknown command.
You feel better. The gnoll hits you with a +0 club!
* * * LOW HITPOINT WARNING * * *
The gnoll hits you with a +0 flail!
You die...

...##.## #.......#.........
.......#########.................
.......>..#...................g..
.......##.#.# ##.......#..>..g...
...##.###.#.###........#.........
......###.#.##..†................
#######..#..........#.#..........
# #.#)#.#....gg..#...####.#.# #
#.#.#.#.##@#..###.g.###.#.# # #
#.#.#.###g.## ##g.....#.# .......
#.#.#.# #.#.###...###.#.# ######.
..#.#.# #.#..#....# #.# ###.#.#
#.#...###.# #.# #....# #.#...# .#
........# #.#...# .. ..##....#
#...... ... ##.#.# #....... ...


You could see 3 gnolls.

Vanquished Creatures
  2 adders (D:2)
  A worm (D:2)
  3 dart slugs
  An orc (D:2)
  4 endoplasms
  2 giant cockroaches (D:1)
  4 hobgoblins
  3 kobolds
  2 quokkas
  3 ball pythons (D:1)
  4 bats (D:1)
  3 frilled lizards
  9 goblins (D:1)
  2 rats
43 creatures vanquished.

Notes
Turn   | Place    | Note
-------+----------+-------------------------------------------
     0 | D:1      | Peloso the Minotaur Fighter began the quest for the Orb.
     0 | D:1      | Reached XP level 1. HP: 19/19 MP: 0/0
   191 | D:1      | Reached XP level 2. HP: 27/27 MP: 1/1
   362 | D:1      | Reached XP level 3. HP: 33/33 MP: 2/2
   807 | D:2      | Found Enluk's Distillery.
   985 | D:2      | Found Tias's Assorted Antiques.
  1011 | D:2      | Reached XP level 4. HP: 40/40 MP: 3/3
  1015 | D:2      | HP: 2/40 [gnoll/+0 flail (6)]
  1016 | D:2      | Slain by a gnoll

Illustrated notes

Levels and vault maps discovered:
D:1:      eino_arrival_water_star, layout_basic, minmay_misc_feat_five,
          palyth_stone_intersect
D:2:      layout_loops_ring, basic_altar, serial_shops, shop,
          nicolae_shop_advertising_works [nicolae_subvault_shop_adworks], shop,
          shop, shop

Skill      XL: |  1  2  3 |
---------------+----------+-----
Armour         | 4 |  4.4
Fighting       | 4 |  4.1
Shields        | 4 |  4.0
Long Blades    | 3 |  3.9

Action                     |  1- 3 |  4- 6 || total
---------------------------+-------+-------++-------
  Melee: Long sword        |   101 |     4 ||   105
         Headbutt          |    12 |     1 ||    13
    Use: Potion            |     2 |     1 ||     3
 Armour: Scale mail        |    63 |     1 ||    64
  Dodge: Dodged            |    60 |     1 ||    61
  Block: Buckler           |    22 |       ||    22
